Map: Newkirk Precinct TE (Void)

Players

Railgan - Winner!

  • Race: Zerg Zerg
  • League: Master
  • Spawn Location: 5:00

llllllllllll

  • Race: Zerg Zerg
  • League: Master
  • Spawn Location: 7:00

VOD

Have the link to the VOD?

Description

Time

  • Played on: March 1, 2017, 5:34 p.m.
  • Length: 6:17
Show
View Real Time Build Order
Export as new Build Order

Railgan Zerg - Winner!

Build Orders: Hatch First, Zergling Baneling 

Get SALT Encoding   

  12  0:01  Drone  
  13  0:13  Overlord  
  13  0:18  Drone  
  14  0:32  Drone x2  
  16  0:36  Drone  
  17  0:46  Drone  
  18  0:59  Hatchery  
  18  1:01  Extractor, Drone  
  17  1:15  Spawning Pool  
  17  1:17  Drone  
  17  1:20  Drone  
  18  1:29  Drone  
  19  1:39  Overlord  
  19  1:52  Drone  
  20  2:01  Queen  
  20  2:02  Zergling x2  
  23  2:10  Queen  
  23  2:13  Drone x2, Metabolic Boost  
  27  2:22  Drone  
  28  2:25  Drone  
  29  2:32  Drone  
  29  2:34  Baneling Nest  
  29  2:39  Queen  
  29  2:41  Overlord  
  31  2:45  Drone x2  
  33  3:01  Drone x2  
  33  3:02  Roach Warren  
  33  3:03  Extractor  
  33  3:05  Zergling x2  
  33  3:06  Zergling x2  
  33  3:10  Overlord  
  34  3:14  Drone  
  34  3:16  Drone  
  36  3:20  Drone  
  36  3:26  Baneling x2  
  37  3:30  Drone x4  
  37  3:32  Drone  
  42  3:38  Baneling  
  42  3:40  Overlord  
  40  3:56  Roach x4, Zergling x2  
  43  4:04  Zergling x2  
  43  4:05  Zergling x2  
  43  4:13  Roach x2  
  43  4:15  Baneling  
  46  4:19  Roach  
  46  4:21  Zergling x2  
  45  4:32  Queen  
  45  4:33  Roach  
  45  4:34  Roach  
  45  4:35  Baneling  
  45  4:37  Baneling  
  45  4:38  Drone  
  51  4:46  Zergling x8  
  51  4:49  Zergling x2  
  56  4:53  Baneling x2  
  56  4:56  Zergling x4  
  56  4:59  Zergling x2  
  57  5:07  Zergling x6  
  59  5:15  Zergling x2  
  59  5:16  Overlord  
  59  5:19  Overlord  
  59  5:21  Roach  
  55  5:33  Ravager  
  55  5:34  Zergling x2  
  55  5:35  Zergling x10  
  56  5:37  Ravager  
  56  5:42  Zergling x6  
  57  5:44  Baneling  
  57  5:46  Baneling  
  57  5:48  Drone  
  58  5:55  Zergling x4  
  60  5:59  Baneling x2  
Show
View Real Time Build Order
Export as new Build Order

llllllllllll Zerg 

Build Orders: Hatch First 

Get SALT Encoding   

  12  0:00  Drone  
  13  0:12  Overlord  
  13  0:17  Drone  
  14  0:31  Drone x2  
  14  0:35  Drone  
  17  0:53  Hatchery  
  17  0:55  Drone  
  17  0:59  Drone  
  17  1:02  Extractor  
  17  1:15  Spawning Pool  
  17  1:18  Drone  
  17  1:21  Drone  
  18  1:28  Drone  
  19  1:38  Overlord  
  19  1:49  Drone  
  20  2:02  Queen  
  20  2:03  Metabolic Boost, Zergling x2  
  20  2:06  Queen  
  25  2:11  Zergling x2  
  26  2:16  Drone x2  
  28  2:23  Drone  
  29  2:31  Baneling Nest  
  29  2:33  Drone x2  
  30  2:51  Hatchery  
  30  2:57  Zergling x4  
  31  2:59  Zergling x2  
  31  3:02  Zergling x2  
  31  3:04  Zergling x2  
  34  3:12  Overlord  
  34  3:15  Zergling x4  
  36  3:28  Baneling x2  
  36  3:32  Baneling x2  
  36  3:33  Baneling x2  
  36  3:35  Zergling x4  
  36  3:36  Zergling x6  
  34  4:03  Zergling x2  
  34  4:04  Zergling x18  
  43  4:13  Baneling  
  43  4:20  Zergling x6  
  45  4:30  Zergling x4  
  45  4:31  Zergling x2  
  45  4:36  Roach Warren  
  43  4:40  Evolution Chamber  
  43  4:44  Drone  
  43  4:45  Drone x3  
  47  4:53  Spine Crawler  
  47  4:56  Drone  
  47  4:57  Drone x5  
  44  5:05  Zergling x6  
  45  5:08  Baneling x3  
  45  5:09  Baneling  
  45  5:10  Baneling  
  45  5:11  Baneling  
  44  5:15  Zergling x4  
  44  5:18  Zergling x2  
  45  5:22  Zergling x4  
  43  5:32  Zergling x10  
  43  5:35  Zergling x2  
  47  5:44  Zergling x6  
  47  5:45  Baneling  
  47  5:46  Baneling x5  
  47  5:47  Baneling  
  47  5:48  Baneling  
  47  5:49  Baneling  
  49  5:53  Zergling x4  
Tags
 
Add a new tag
Caveats
  • Supply blocks, unpowered buildings, or Contaminate may cause inaccurate times.
  • Supply counts are checked every 10 seconds.